 Dungeon Crawl Stone Soup version 0.22-a0-445-g8c8ef71 (webtiles) character file.

411 jerryfan the Fighter (level 6, 0/57 HPs)
             Began as a Gnoll Wanderer on June 2, 2018.
             Slain by Blork the orc
             ... wielding a +0 battleaxe
              (8 damage)
             ... on level 4 of the Dungeon.
             The game lasted 00:09:06 (2675 turns).

jerryfan the Fighter (Gnoll Wanderer)               Turns: 2675, Time: 00:09:07

Health: 0/57       AC:  6    Str: 18 (20) XL:     6   Next: 90%
Magic:  9/9        EV: 10    Int: 16 (17) God:
Gold:   145        SH:  5    Dex: 13 (15) Spells: 9/9 levels left

rFire    . . .     SeeInvis .   a - +2 hand axe
rCold    . . .     Gourm    .   s - +0 buckler
rNeg     . . .     Faith    .   n - +0 scale mail
rPois    .         Spirit   .   (no helmet)
rElec    .         Reflect  .   (no cloak)
rCorr    .         Harm     .   (no gloves)
MR       .....                  (no boots)
Stlth    +.........             (no amulet)
HPRegen  0.19/turn              (no ring)
MPRegen  0.11/turn              (no ring)

@: brilliant
A: distributed training, fangs 1, agile 1, frail 1, sense surroundings 1, strong
nose
a: no special abilities


You were on level 4 of the Dungeon.
You were not hungry.

You visited 1 branch of the dungeon, and saw 4 of its levels.

You collected 145 gold pieces.

Inventory:

Hand Weapons
 a - a +2 hand axe (weapon)
 b - a +0 shortbow
Missiles
 c - 85 arrows
 j - 102 stones (quivered)
 q - 4 javelins
 u - 4 poisoned needles
Armour
 e - a +0 robe
 n - a +0 scale mail (worn)
 s - a +0 buckler (worn)
Wands
 v - a wand of random effects (23)
Scrolls
 g - 2 scrolls of identify
 h - 2 scrolls of teleportation {unknown}
 i - a scroll of enchant armour {unknown}
 p - a scroll of magic mapping {unknown}
 r - a scroll of fog {unknown}
 t - 2 scrolls of remove curse {unknown}
Potions
 l - 2 potions of mutation
 m - a potion of brilliance
Comestibles
 f - 6 rations


   Skills:
 + Level 12.2 Fighting
 + Level 2.1 Short Blades
 + Level 2.1 Long Blades
 + Level 3.3 Axes
 + Level 2.1 Maces & Flails
 + Level 2.1 Polearms
 + Level 2.1 Staves
 + Level 2.1 Slings
 + Level 2.1 Bows
 + Level 2.1 Crossbows
 + Level 3.3 Throwing
 + Level 3.3 Armour
 + Level 2.1 Dodging
 + Level 2.1 Stealth
 + Level 3.3 Shields
 + Level 2.1 Unarmed Combat
 + Level 2.1 Spellcasting
 + Level 1.6 Conjurations
 + Level 1.6 Hexes
 + Level 1.6 Charms
 + Level 1.6 Summonings
 + Level 1.6 Necromancy
 + Level 1.6 Translocations
 + Level 1.6 Transmutations
 + Level 1.6 Fire Magic
 + Level 1.6 Ice Magic
 + Level 1.6 Air Magic
 + Level 1.6 Earth Magic
 + Level 1.6 Poison Magic
 + Level 2.3 Invocations
 + Level 2.1 Evocations


You had 9 spell levels left.
You didn't know any spells.
Your spell library was empty.

Dungeon Overview and Level Annotations

Branches:
Dungeon (4/15)
 Temple: D:4-7

Altars:
Uskayaw

Shops:
D:4 }

Annotations:
D:4 Blork the orc


Innate Abilities, Weirdness & Mutations

Your experience applies equally to all skills.
You have very sharp teeth.
Your uncanny sense of smell can sniff out nearby items.
You are agile. (Dex +2)
You are frail. (-10% HP)
You passively map a small area around you.


Message History

You hear some strange, mumbled words.
A magic dart appears from out of thin air!
The magic dart hits you!
* * * LOW HITPOINT WARNING * * *
Evoke which item? (* to show all) (? for menu, Esc to quit)
Aiming: Random Effects
Press: ? - help, Shift-Dir - straight line Nothing appears to happen.
Something hits you!
* * * LOW HITPOINT WARNING * * *
You hear some strange, mumbled words.
A puff of frost appears from out of thin air!
You block the puff of frost.
You feel better. Something hits you!
* * * LOW HITPOINT WARNING * * *
You feel better.
You feel better. Something hits you!
* * * LOW HITPOINT WARNING * * *
You feel clever all of a sudden. Something hits you!
You die...

∆ ##..##.##........ *
#......##..###.#. #+
#...##.##..##..#. ... *
#...##.##..##.##. .o..
#.>.##.##........ .....
##...##.###.......
......####....##.######....
......'..{.................
......####@...#########....
..... ##.#.####### #.#.#
.... * #####.....# #.###
...** #.#.#.###.# #+
#..∩..'.#.# * #.#.#.#...#
#.....###.# * * ####### #.#
, #.###


There were no monsters in sight!

Vanquished Creatures
  Grinder (D:3)
  A hound (D:4)
  2 worker ants (D:4)
  6 adders
  4 dart slugs
  A leopard gecko (D:4)
  An orc (D:3)
  4 bats
  4 giant cockroaches
  9 goblins
  11 hobgoblins
  A quokka (D:2)
  4 frilled lizards
  9 kobolds
  A leopard gecko skeleton (D:4)
  11 rats
70 creatures vanquished.

Notes
Turn   | Place    | Note
-------+----------+-------------------------------------------
     0 | D:1      | Reached skill level 12 in Fighting
     0 | D:1      | jerryfan the Gnoll Wanderer began the quest for the Orb.
     0 | D:1      | jerryfan set off with: a +2 hand axe, a +0 shortbow, 26 arrows, a potion of curing, a +0 robe, a ration
     0 | D:1      | Reached XP level 1. HP: 31/31 MP: 1/1
   185 | D:1      | Reached XP level 2. HP: 38/38 MP: 2/2
   539 | D:1      | Reached XP level 3. HP: 42/44 MP: 3/3
   954 | D:2      | Reached skill level 1 in Invocations
   990 | D:2      | Reached skill level 1 in Short Blades
   990 | D:2      | Reached skill level 1 in Long Blades
   990 | D:2      | Reached skill level 1 in Maces & Flails
   990 | D:2      | Reached skill level 1 in Polearms
   990 | D:2      | Reached skill level 1 in Staves
   990 | D:2      | Reached skill level 1 in Slings
   990 | D:2      | Reached skill level 1 in Bows
   990 | D:2      | Reached skill level 1 in Crossbows
   990 | D:2      | Reached skill level 1 in Dodging
   990 | D:2      | Reached skill level 1 in Stealth
   990 | D:2      | Reached skill level 1 in Unarmed Combat
   990 | D:2      | Reached skill level 1 in Spellcasting
   990 | D:2      | Reached skill level 1 in Evocations
   990 | D:2      | Reached XP level 4. HP: 48/51 MP: 5/5
  1511 | D:3      | Noticed Grinder
  1515 | D:3      | Gained mutation: You are frail. (-10% HP) [potion of mutation]
  1515 | D:3      | Gained mutation: You are agile. (Dex +2) [potion of mutation]
  1515 | D:3      | Gained mutation: You passively map a small area around you. [potion of mutation]
  1533 | D:3      | Paralysed by Grinder for 6 turns
  1543 | D:3      | Paralysed by Grinder for 6 turns
  1553 | D:3      | Paralysed by Grinder for 5 turns
  1562 | D:3      | Killed Grinder
  1562 | D:3      | Reached skill level 1 in Conjurations
  1562 | D:3      | Reached skill level 1 in Hexes
  1562 | D:3      | Reached skill level 1 in Charms
  1562 | D:3      | Reached skill level 1 in Summonings
  1562 | D:3      | Reached skill level 1 in Necromancy
  1562 | D:3      | Reached skill level 1 in Translocations
  1562 | D:3      | Reached skill level 1 in Transmutations
  1562 | D:3      | Reached skill level 1 in Fire Magic
  1562 | D:3      | Reached skill level 1 in Ice Magic
  1562 | D:3      | Reached skill level 1 in Air Magic
  1562 | D:3      | Reached skill level 1 in Earth Magic
  1562 | D:3      | Reached skill level 1 in Poison Magic
  1562 | D:3      | Reached XP level 5. HP: 26/51 MP: 5/7
  1562 | D:3      | Reached XP level 6. HP: 29/57 MP: 5/8
  2432 | D:4      | Noticed a dagger
  2433 | D:4      | Found a hide-covered altar of Uskayaw.
  2433 | D:4      | Noticed a dagger
  2589 | D:4      | Found Gecvu's Gadget Emporium.
  2649 | D:4      | Noticed Blork the orc
  2672 | D:4      | HP: 2/57 [something (9)]
  2675 | D:4      | Slain by Blork the orc

Vault maps used:
D:1:      dpeg_arrival_round_c
D:3:      uniq_grinder
D:4:      dancing_weapons_uskayaw, first_ration, serial_shops,
          kennysheep_little_box, uniq_blork_the_orc

Skill      XL: |  1  2  3  4  5  6 |
---------------+-------------------+-----
Fighting       | | 12.2
Invocations    | 1 2 |  2.3
Short Blades   | 1 2 |  2.1
Long Blades    | 1 2 |  2.1
Maces & Flails | 1 2 |  2.1
Polearms       | 1 2 |  2.1
Staves         | 1 2 |  2.1
Slings         | 1 2 |  2.1
Bows           | 1 2 |  2.1
Crossbows      | 1 2 |  2.1
Dodging        | 1 2 |  2.1
Stealth        | 1 2 |  2.1
Unarmed Combat | 1 2 |  2.1
Spellcasting   | 1 2 |  2.1
Evocations     | 1 2 |  2.1
Axes           | 3 |  3.3
Throwing       | 3 |  3.3
Armour         | 3 |  3.3
Shields        | 3 |  3.3
Conjurations   | 1 |  1.6
Hexes          | 1 |  1.6
Charms         | 1 |  1.6
Summonings     | 1 |  1.6
Necromancy     | 1 |  1.6
Translocations | 1 |  1.6
Transmutations | 1 |  1.6
Fire Magic     | 1 |  1.6
Ice Magic      | 1 |  1.6
Air Magic      | 1 |  1.6
Earth Magic    | 1 |  1.6
Poison Magic   | 1 |  1.6

Action                   |  1- 3 |  4- 6 || total
-------------------------+-------+-------++-------
Melee: Hand axe          |    40 |   115 ||   155
       Bite              |     1 |    11 ||    12
       Punch             |       |     1 ||     1
 Fire: Shortbow          |     7 |     2 ||     9
Evoke: Wand              |       |     1 ||     1
  Use: Potion            |       |    13 ||    13
       Scroll            |       |     1 ||     1
 Stab: Sleeping          |     1 |       ||     1
  Eat: Chunk             |       |     6 ||     6
Armor: Robe              |     9 |       ||     9
       Scale mail        |     1 |    41 ||    42
       Skin              |       |     5 ||     5
Dodge: Dodged            |    25 |    60 ||    85
Block: Buckler           |       |     3 ||     3

Table legend:
 A = Spawn XP
 B = Non-spawn XP
 C = Spawn XP percentage of total XP
 D = Spawn monster count
 E = Non-spawn monster count
 F = Spawn count percentage of total count
 G = Total turns spent on level
                    A         B        C        D         E        F      G
               +---------+---------+-------+---------+---------+-------+---------
         Total |       0 |     588 |   0.0 |       0 |      70 |   0.0 |  2675
               +---------+---------+-------+---------+---------+-------+---------
           D:1 |       0 |      37 |   0.0 |       0 |      23 |   0.0 |   902
           D:2 |       0 |      93 |   0.0 |       0 |      25 |   0.0 |   495
           D:3 |       0 |     330 |   0.0 |       0 |      16 |   0.0 |   955
           D:4 |       0 |     128 |   0.0 |       0 |       6 |   0.0 |   323
               +---------+---------+-------+---------+---------+-------+---------
